 Dungeon Crawl Stone Soup version 0.28.0-45-g0d030f2227 (webtiles) character file.

Game seed: 9706665727106815876

187 Ablot the Cutter (level 5, -2/47 HPs)
             Began as a Gnoll Chaos Knight on Apr 14, 2022.
             Was a Plaything of Xom.
             Slain by a sky beast (6 damage)
             ... on level 4 of the Dungeon.
             The game lasted 00:04:06 (2988 turns).

Ablot the Cutter (Gnoll Chaos Knight)               Turns: 2988, Time: 00:04:07

Health: -2/47      AC:  7    Str: 21    XL:     5   Next: 66%
Magic:  7/7        EV: 11    Int: 11    God:    Xom [....*.]
Gold:   27         SH:  0    Dex: 11    Spells: 6/7 levels left

rFire   . . .      SeeInvis .   a - +0 short sword (chaos)
rCold   . . .      Faith    .   (no shield)
rNeg    . . .      Spirit   .   v - +0 ring mail {rPois}
rPois   +          Reflect  .   (no helmet)
rElec   .          Harm     .   l - +0 cloak
rCorr   .          Rampage  .   (no gloves)
Will    .....                   (no boots)
Stlth   +.........              h - amulet "Huideleo" {Acrobat *Corrode Str+7}
HPRegen 0.15/turn               (no ring)
MPRegen 0.10/turn               (no ring)

@: no status effects
A: fangs 1, strong nose, distributed training
a: Renounce Religion


You were on level 4 of the Dungeon.
You worshipped Xom.
You were a beloved toy of Xom.
You visited 1 branch of the dungeon, and saw 4 of its levels.

You collected 146 gold pieces.
You spent 119 gold pieces at shops.

Inventory:

Hand Weapons
 a - a +0 short sword of chaos (weapon)
Missiles
 c - 105 stones
 r - 6 poisoned darts (quivered)
 u - 2 throwing nets
 w - 31 bolts
 z - 22 sling bullets
Armour
 b - a +2 leather armour
 l - a +0 cloak (worn)
 v - a +0 ring mail of poison resistance (worn)
Jewellery
 h - the amulet "Huideleo" (around neck) {Acrobat *Corrode Str+7}
   (You found it on level 1 of the Dungeon)

   [amulet of the acrobat]

   It increases your evasion while moving and waiting.
   Str:       It affects your strength (+7).
   *Corrode:  It may corrode you when you take damage.
Wands
 y - a wand of flame (10)
Scrolls
 d - 4 scrolls of magic mapping
 i - 2 scrolls of identify
 j - a scroll of vulnerability {unknown}
 k - a scroll of summoning {unknown}
 m - a scroll of noise {unknown}
 o - 4 scrolls of teleportation
 p - a scroll of enchant armour {unknown}
 t - a scroll of holy word {unknown}
 A - a scroll of fear {unknown}
Potions
 e - a potion of haste {unknown}
 f - a potion of mutation {unknown}
 g - a potion of might {unknown}
 n - a potion of magic {unknown}
 q - 2 potions of curing {unknown}
 s - a potion of lignification {unknown}
 x - a potion of brilliance {unknown}


   Skills:
 + Level 6.7 Fighting
 + Level 6.7 Short Blades
 + Level 1.6 Long Blades
 + Level 1.6 Axes
 + Level 1.6 Maces & Flails
 + Level 1.6 Polearms
 + Level 1.6 Staves
 + Level 1.6 Slings
 + Level 1.6 Bows
 + Level 1.6 Crossbows
 + Level 1.6 Throwing
 + Level 4.8 Armour
 + Level 3.0 Dodging
 + Level 1.6 Stealth
 + Level 1.6 Shields
 + Level 1.6 Unarmed Combat
 + Level 1.6 Spellcasting
 + Level 1.2 Conjurations
 + Level 1.2 Hexes
 + Level 1.2 Summonings
 + Level 1.2 Necromancy
 + Level 1.2 Translocations
 + Level 1.2 Transmutations
 + Level 1.2 Fire Magic
 + Level 1.2 Ice Magic
 + Level 1.2 Air Magic
 + Level 1.2 Earth Magic
 + Level 1.2 Poison Magic
 + Level 1.8 Invocations
 + Level 1.6 Evocations


You had 6 spell levels left.
You knew the following spells:

 Your Spells              Type           Power      Damage    Failure   Level
a - Apportation           Tloc           6%         N/A       28%         1

Your spell library contained the following spells:

 Spells                   Type           Power      Damage    Failure   Level
 Blink                    Tloc           6%         N/A       38%         2
 Lesser Beckoning         Tloc           3%         N/A       63%         3
 Alistair's Intoxication  Tmut/Pois      2%         N/A       100%        5
 Manifold Assault         Tloc           3%         N/A       100%        5


Dungeon Overview and Level Annotations

Branches:
Dungeon (4/15)
 Temple: D:4-7

Altars:
Cheibriados
Qazlal
Uskayaw
Vehumet
Wu Jian

Shops:
D:3 ?


Innate Abilities, Weirdness & Mutations

You have very sharp teeth.
Your uncanny sense of smell can sniff out nearby items.
Your experience applies equally to all skills.


Message History

An adder comes into view.
The sky beast flickers out of sight!
Deactivating autopickup; reactivate with Ctrl-A.
The adder moves out of view.
You see here an iguana corpse.
A sky beast appears from thin air!
Reactivating autopickup.
The sky beast flickers out of sight!
Deactivating autopickup; reactivate with Ctrl-A.
Something barely misses you.
A sky beast appears from thin air!
Reactivating autopickup.
You hit the sky beast but do no damage.
The sky beast flickers and vanishes!
Deactivating autopickup; reactivate with Ctrl-A.
You miss something. Something hits you but does no damage.
You closely miss something. You bite something. Something hits you.
Something shocks you.
You barely miss something. Your bite misses something.
Something hits you but does no damage.
You hit something but do no damage.
A goblin comes into view. It is wielding a +0 dagger.
You hit something but do no damage.
Nothing appears to happen.
Your bite misses something. Something hits you but does no damage.
You barely miss something. Something hits you. Something shocks you.
You hit something.
Nothing appears to happen.
Something hits you but does no damage.
You miss something. You bite something. Something hits you but does no damage.
You closely miss something. Your bite misses something. Something hits you.
Something shocks you.
You hit something but do no damage. Your bite misses something.
Something hits you but does no damage. Something hits you.
Something shocks you.
You barely miss something. Something hits you.
* * * LOW HITPOINT WARNING * * *
Something shocks you.
* * * LOW HITPOINT WARNING * * *
You miss something. Something hits you.
* * * LOW HITPOINT WARNING * * *
Something shocks you.
You die...

#..# ∆ #..####..
#†........
#.######.# ...
#g#####.# #.#
#gg....# #.#
#S#####.# #.# #{#
#.# #@#
#.######.#####
#.##.##.........#
#.##.##.#######....
#.#.#.#.# #.
#..###..# #.## ##.#
#..###..# #.#.#.#.#


You could see an adder, 2 hobgoblins and a goblin.

Vanquished Creatures
  An ogre (D:3)
  An iguana (D:4)
  2 adders
  A worm (D:2)
  A dart slug (D:2)
  2 orcs (D:3)
  6 endoplasms
  4 giant cockroaches
  3 goblins
  3 hobgoblins
  5 kobolds
  7 quokkas
  8 ball pythons
  4 bats
  2 frilled lizards
  5 rats
55 creatures vanquished.

Notes
Turn   | Place    | Note
-------+----------+-------------------------------------------
     0 | D:1      | Ablot the Gnoll Chaos Knight began the quest for the Orb.
     0 | D:1      | Reached XP level 1. HP: 23/23 MP: 1/1
   203 | D:1      | Reached XP level 2. HP: 29/29 MP: 2/2
   311 | D:1      | Identified the amulet "Huideleo" {Acrobat *Corrode Str+7}
   530 | D:1      | Reached XP level 3. HP: 35/35 MP: 3/3
   674 | D:1      | Learned a level 1 spell: Apportation
   868 | D:1      | XOM: god gift: 49 gold pieces
  1278 | D:2      | Reached skill level 1 in Invocations
  1492 | D:2      | XOM: polymorph ball python -> adder
  1495 | D:2      | Reached skill level 1 in Long Blades
  1495 | D:2      | Reached skill level 1 in Axes
  1495 | D:2      | Reached skill level 1 in Maces & Flails
  1495 | D:2      | Reached skill level 1 in Polearms
  1495 | D:2      | Reached skill level 1 in Staves
  1495 | D:2      | Reached skill level 1 in Slings
  1495 | D:2      | Reached skill level 1 in Bows
  1495 | D:2      | Reached skill level 1 in Crossbows
  1495 | D:2      | Reached skill level 1 in Throwing
  1495 | D:2      | Reached skill level 1 in Stealth
  1495 | D:2      | Reached skill level 1 in Shields
  1495 | D:2      | Reached skill level 1 in Unarmed Combat
  1495 | D:2      | Reached skill level 1 in Spellcasting
  1495 | D:2      | Reached skill level 1 in Evocations
  1510 | D:2      | Reached XP level 4. HP: 40/41 MP: 5/5
  1812 | D:3      | Noticed an ogre
  1815 | D:3      | XOM: repel stairs
  1817 | D:3      | XOM: chaos upgrade
  1818 | D:3      | XOM: summons friendly iron imp
  1824 | D:3      | Killed an ogre
  1825 | D:3      | Reached skill level 1 in Conjurations
  1825 | D:3      | Reached skill level 1 in Hexes
  1825 | D:3      | Reached skill level 1 in Summonings
  1825 | D:3      | Reached skill level 1 in Necromancy
  1825 | D:3      | Reached skill level 1 in Translocations
  1825 | D:3      | Reached skill level 1 in Transmutations
  1825 | D:3      | Reached skill level 1 in Fire Magic
  1825 | D:3      | Reached skill level 1 in Ice Magic
  1825 | D:3      | Reached skill level 1 in Air Magic
  1825 | D:3      | Reached skill level 1 in Earth Magic
  1825 | D:3      | Reached skill level 1 in Poison Magic
  1825 | D:3      | Reached XP level 5. HP: 15/47 MP: 5/7
  1916 | D:3      | XOM: polymorph iron imp -> crimson imp
  2062 | D:3      | XOM: divination: detect items
  2108 | D:3      | Found a snail-covered altar of Cheibriados.
  2281 | D:3      | XOM: god gift: 12 bolts
  2321 | D:3      | Found Lucw's Magic Scroll Boutique.
  2328 | D:3      | Bought a scroll of identify for 28 gold pieces
  2328 | D:3      | Bought a scroll of magic mapping for 49 gold pieces
  2328 | D:3      | Bought a scroll of teleportation for 42 gold pieces
  2373 | D:3      | Found an ornate altar of the Wu Jian Council.
  2383 | D:3      | Found a hide-covered altar of Uskayaw.
  2407 | D:3      | Found a radiant altar of Vehumet.
  2454 | D:3      | Found a faded altar of an unknown god.
  2855 | D:4      | Found a stormy altar of Qazlal.
  2961 | D:4      | Noticed a sky beast
  2988 | D:4      | Slain by a sky beast

Illustrated notes

Levels and vault maps discovered:
D:1:      beargit_arrival_greenhouse, layout_loops_ring, dk_noncrumbling_3
D:2:      layout_loops_corners
D:3:      layout_basic, vehumet_altar_wand_db, mainiacjoe_overflow_tiny_flanked,
          minitemple, ebering_ecumenical_altar_hall, serial_shops, shop,
          serial_co_window_serial, co_window_corner_a, co_window_corner_a,
          co_window_paths_b, co_window_of_opportunity_a, co_window_corner_a,
          co_window_corner_a, co_window_paths_b, co_window_broadway_c,
          co_window_corner_cb, co_window_2corner, co_window_corner_b,
          co_window_of_opportunity_b, glass_columns_b, glass_columns_a,
          glass_columns_a
D:4:      layout_loops_ring, mainiacjoe_overflow_six_doors_small, uniq_robin,
          uniq_crazy_yiuf_cottage

Skill      XL: |  1  2  3  4  5 |
---------------+----------------+-----
Invocations    | 1 |  1.8
Long Blades    | 1 |  1.6
Axes           | 1 |  1.6
Maces & Flails | 1 |  1.6
Polearms       | 1 |  1.6
Staves         | 1 |  1.6
Slings         | 1 |  1.6
Bows           | 1 |  1.6
Crossbows      | 1 |  1.6
Throwing       | 1 |  1.6
Stealth        | 1 |  1.6
Shields        | 1 |  1.6
Unarmed Combat | 1 |  1.6
Spellcasting   | 1 |  1.6
Evocations     | 1 |  1.6
Conjurations   | 1 |  1.2
Hexes          | 1 |  1.2
Summonings     | 1 |  1.2
Necromancy     | 1 |  1.2
Translocations | 1 |  1.2
Transmutations | 1 |  1.2
Fire Magic     | 1 |  1.2
Ice Magic      | 1 |  1.2
Air Magic      | 1 |  1.2
Earth Magic    | 1 |  1.2
Poison Magic   | 1 |  1.2
Dodging        | 3 |  3.0
Fighting       | |  6.7
Short Blades   | |  6.7
Armour         | |  4.8

Action                   |  1- 3 |  4- 6 || total
-------------------------+-------+-------++-------
Melee: Short sword       |   114 |    69 ||   183
       Bite              |     7 |     6 ||    13
       Punch             |     1 |     1 ||     2
Throw: Dart              |       |     4 ||     4
 Cast: Apportation       |       |     1 ||     1
 Stab: Paralysed         |     1 |       ||     1
       Sleeping          |       |     1 ||     1
Armor: Leather armour    |    16 |     6 ||    22
       Ring mail         |       |    32 ||    32
Dodge: Dodged            |    57 |    40 ||    97
